 Dungeon Crawl Stone Soup version 0.30.1-11-g7821555f0a (webtiles) character file.

Game seed: 1415996982167060742

2719 jfcaron the Cleaver (level 9, -6/74 HPs)
             Began as a Gnoll Berserker on Nov 15, 2023.
             Was an Elder of Trog.
             Killed by divine providence
             ... invoked by an orc priest
              (11 damage)
             ... on level 8 of the Dungeon.
             The game lasted 00:16:11 (6252 turns).

jfcaron the Cleaver (Gnoll Berserker)               Turns: 6252, Time: 00:16:12

Health: -6/74      AC: 12    Str: 21    XL:     9   Next: 66%
Magic:  15/15      EV: 15    Int: 14    God:    Trog [****..]
Gold:   310        SH: 10    Dex: 20    Spells: 17/17 levels left

rFire   . . .        x - +8 dagger "Biqebuf" {heavy, Will+ Int+2 Dex+2 Stlth+}
rCold   . . .        z - +0 kite shield
rNeg    + . .        L - +5 leather armour of Youthful Indiscretion {*Corrode rN+ Int+3 Dex+6}
rPois   .            M - +0 helmet {Int+3}
rElec   .            K - +0 cloak
rCorr   .            g - +2 pair of gloves
SInv    .            w - +0 pair of boots
Will    ++...        (no amulet)
Stlth   ++++         H - ring of willpower
HPRegen 0.32/turn    C - +4 ring of protection
MPRegen 0.14/turn

%: corrode self (3%)
@: corroded, studying Dodging
A: fangs 1, strong nose, distributed training
a: Renounce Religion, Berserk, Trog's Hand, Brothers in Arms


You were on level 8 of the Dungeon.
You worshipped Trog.
Trog was greatly pleased with you.
You visited 1 branch of the dungeon, and saw 8 of its levels.

You collected 310 gold pieces.

Inventory:

Hand Weapons
 i - a +1 dagger of flaming
   (You took it off a goblin on level 3 of the Dungeon)
 j - a +0 short sword of electrocution
   (You took it off an orc on level 5 of the Dungeon)
 t - a +3 heavy hand axe
   (You found it on level 3 of the Dungeon)
 u - a +1 falchion of holy wrath
   (You took it off an orc on level 3 of the Dungeon)
 x - the +8 dagger "Biqebuf" (weapon) {heavy, Will+ Int+2 Dex+2 Stlth+}
   (You found it on level 4 of the Dungeon)

   Int:       It affects your intelligence (+2).
   Dex:       It affects your dexterity (+2).
   Will:      It increases your willpower.
   Stlth:     It makes you more stealthy.
Missiles
 b - 4 stones (quivered)
 c - 2 throwing nets {!f}
 p - 3 poisoned darts
 B - a curare-tipped dart {!f}
 E - 6 atropa-tipped darts {!f}
 I - 6 boomerangs
Armour
 g - a +2 pair of gloves (worn)
 v - a +3 ring mail
 w - a +0 pair of boots (worn)
 y - the +2 ring mail of Lilacs {-Tele rElec Int+3}
   (You took it off an orc on level 4 of the Dungeon)

   Int:       It affects your intelligence (+3).
   rElec:     It insulates you from electricity.
   -Tele:     It prevents most forms of teleportation.
 z - a +0 kite shield (worn)
 K - a +0 cloak (worn)
 L - the +5 leather armour of Youthful Indiscretion (worn) {*Corrode rN+ Int+3 Dex+6}
   (You found it on level 7 of the Dungeon)

   Int:       It affects your intelligence (+3).
   Dex:       It affects your dexterity (+6).
   rN:        It protects you from negative energy.
   *Corrode:  It may corrode you when you take damage.
 M - a +0 helmet of intelligence (worn)
   (You found it on level 7 of the Dungeon)
Jewellery
 l - a ring of see invisible
 m - a ring of positive energy
 C - a +4 ring of protection (right hand)
   (You found it on level 4 of the Dungeon)
 H - a ring of willpower (left hand)
   (You found it on level 5 of the Dungeon)
Wands
 k - a wand of charming (7)
 N - a wand of iceblast (6)
 O - a wand of digging (2)
 P - a wand of flame (22)
Scrolls
 f - 2 scrolls of amnesia
 o - a scroll of magic mapping {unknown}
 q - a scroll of summoning
 s - a scroll of enchant weapon
 A - a scroll of teleportation
 F - a scroll of enchant armour
Potions
 a - a potion of brilliance
 d - 5 potions of curing
 e - 3 potions of lignification
 h - 2 potions of attraction
 n - 2 potions of flight
 r - a potion of mutation {unknown}
 D - a potion of degeneration {unknown}
 G - a potion of magic {unknown}
 J - a potion of might {unknown}


   Skills:
 + Level 8.1 Fighting
 + Level 4.6 Short Blades
 + Level 4.6 Long Blades
 + Level 8.1 Axes
 + Level 4.6 Maces & Flails
 + Level 4.6 Polearms
 + Level 4.6 Staves
 + Level 4.6 Ranged Weapons
 + Level 4.6 Throwing
 + Level 6.6 Armour
 + Level 7.7 Dodging
 + Level 4.6 Stealth
 + Level 4.6 Shields
 + Level 4.6 Unarmed Combat
 + Level 4.6 Spellcasting
 + Level 3.8 Conjurations
 + Level 3.8 Hexes
 + Level 3.8 Summonings
 + Level 3.8 Necromancy
 + Level 3.8 Translocations
 + Level 3.8 Transmutations
 + Level 3.8 Fire Magic
 + Level 3.8 Ice Magic
 + Level 3.8 Air Magic
 + Level 3.8 Earth Magic
 + Level 3.8 Poison Magic
 + Level 5.1 Invocations
 + Level 4.6 Evocations


You had 17 spell levels left.
You didn't know any spells.
Your spell library contained the following spells:

 Spells                   Type           Power      Damage    Failure   Level
 Foxfire                  Conj/Fire      56%        2x1d6     10%         1
 Kiss of Death            Conj/Necr      56%        2d9       10%         1
 Necrotise                Necr           56%        1d6       10%         1
 Static Discharge         Conj/Air       28%        2-4/arc   14%         2
 Confusing Touch          Hex            14%        N/A       28%         3
 Ozocubu's Armour         Ice            14%        N/A       28%         3
 Vampiric Draining        Necr           14%        2d7       28%         3
 Airstrike                Air            7%         2d(1-17)  67%         4
 Dispel Undead            Necr           14%        3d10      67%         4
 Leda's Liquefaction      Hex/Erth       7%         N/A       67%         4
 Petrify                  Tmut/Erth      14%        N/A       67%         4
 Summon Lightning Spire   Summ/Air       14%        N/A       67%         4
 Agony                    Necr           14%        N/A       95%         5
 Fireball                 Conj/Fire      7%         3d5       95%         5
 Lee's Rapid Deconstruct  Erth           7%         3d6*      95%         5
 Metabolic Englaciation   Hex/Ice        7%         N/A       95%         5
 Plasma Beam              Fire/Air       7%         2x1d19    100%        6
 Starburst                Conj/Fire      7%         6d4       100%        6
 Statue Form              Tmut/Erth      9%         N/A       100%        6
 Ozocubu's Refrigeration  Ice            7%         4d9       100%        7


Dungeon Overview and Level Annotations

Branches:
Dungeon (8/15)             Temple (0/1) D:7
   Lair: D:8-11

Altars:
Dithmenos
Okawaru
Sif Muna
Uskayaw
Yredelemnul
The Shining One

Annotations:
D:7 3 runed translucent doors, Jingleheimer's ghost, novice OpTm


Innate Abilities, Weirdness & Mutations

You have very sharp teeth.
Your uncanny sense of smell can sniff out nearby items.
Your experience applies equally to all skills.


Message History

The acid dragon spits acid at you. The splash of acid hits you!
The acid corrodes you!
You hear a shout!
An orc priest comes into view.
It is wielding a +0 hand axe of electrocution.
The acid dragon spits acid at you. You block the splash of acid.
The orc priest calls down the wrath of Beogh upon you.
Beogh smites you!
You hear a shout!
The acid dragon bites you but does no damage.
The acid dragon misses you.
An orc comes into view. It is wielding a +0 short sword.
You hit the acid dragon.
The acid dragon is lightly wounded.
The acid dragon spits acid at you. The splash of acid hits you.
You hit the acid dragon.
The acid dragon is moderately wounded.
The acid dragon misses you. The acid dragon claws you.
You block the acid dragon's attack.
The acid dragon claws you but does no damage.
You hit the acid dragon.
The acid dragon is moderately wounded.
The acid dragon barely misses you. The acid dragon claws you.
You hit the acid dragon.
The acid dragon is heavily wounded.
You block the acid dragon's attack. x2
The orc priest invokes the aid of Beogh against you.
Beogh smites you!
You hit the acid dragon.
The acid dragon is heavily wounded.
The acid dragon spits acid at you. The splash of acid hits you!!
* * * LOW HITPOINT WARNING * * *
The acid corrodes you! The orc hits you but does no damage.
You block the acid dragon's attack.
The acid dragon claws you but does no damage.
The orc priest calls down the wrath of Beogh upon you.
Beogh smites you!
You die...

.....##.#
#....#
.....##.#
#.####
.....##.# #.#
..)#.....
#########.#
.....####
#.......#.#
...#.#
#..#..#...####
..>#..#
##............
#####.#
##..##.#######
# . #o@###.# #
#. #...oD# ..#
#
.........∆...
#
#.........##.
##..._...## #.
#.........
..........
.##.....##.


You could see an acid dragon, an orc priest and an orc.

Vanquished Creatures
  Joseph (D:7)
  2 hornets (D:7)
  A water moccasin (D:6)
  An ice beast (D:7)
  2 ogres
  A centaur (D:7)
  A phantom (D:5)
  2 kobold brigands
  3 bullfrogs
  5 scorpions
  4 hounds
  3 orc priests
  3 jellies
  3 iguanas
  2 sleepcaps (D:7)
  4 orc wizards
  8 gnolls
  5 adders
  A shadow imp (D:8)
  A white imp (D:6)
  2 ufetubi
  4 worms
  A dart slug (D:3)
  45 orcs
  6 ball pythons
  4 bats
  8 endoplasms
  3 giant cockroaches
  6 goblins
  7 hobgoblins
  2 quokkas
  3 frilled lizards
  15 kobolds
  2 rats (D:1)
161 creatures vanquished.

Notes
Turn   | Place    | Note
-------+----------+-------------------------------------------
     0 | D:1      | jfcaron the Gnoll Berserker began the quest for the Orb.
     0 | D:1      | Reached XP level 1. HP: 23/23 MP: 1/1
   203 | D:1      | Reached XP level 2. HP: 29/29 MP: 2/2
   500 | D:1      | Found a faded altar of an unknown god.
  1228 | D:2      | Reached XP level 3. HP: 35/35 MP: 2/4
  1325 | D:2      | Reached skill level 1 in Invocations
  1580 | D:3      | Reached ** piety under Trog
  1584 | D:3      | Found a shimmering blue altar of Sif Muna.
  1589 | D:3      | Reached skill level 1 in Short Blades
  1589 | D:3      | Reached skill level 1 in Long Blades
  1589 | D:3      | Reached skill level 1 in Maces & Flails
  1589 | D:3      | Reached skill level 1 in Polearms
  1589 | D:3      | Reached skill level 1 in Staves
  1589 | D:3      | Reached skill level 1 in Ranged Weapons
  1589 | D:3      | Reached skill level 1 in Throwing
  1589 | D:3      | Reached skill level 1 in Stealth
  1589 | D:3      | Reached skill level 1 in Shields
  1589 | D:3      | Reached skill level 1 in Unarmed Combat
  1589 | D:3      | Reached skill level 1 in Spellcasting
  1589 | D:3      | Reached skill level 1 in Evocations
  1625 | D:2      | Reached XP level 4. HP: 27/41 MP: 5/5
  1723 | D:3      | Reached skill level 1 in Conjurations
  1723 | D:3      | Reached skill level 1 in Hexes
  1723 | D:3      | Reached skill level 1 in Summonings
  1723 | D:3      | Reached skill level 1 in Necromancy
  1723 | D:3      | Reached skill level 1 in Translocations
  1723 | D:3      | Reached skill level 1 in Transmutations
  1723 | D:3      | Reached skill level 1 in Fire Magic
  1723 | D:3      | Reached skill level 1 in Ice Magic
  1723 | D:3      | Reached skill level 1 in Air Magic
  1723 | D:3      | Reached skill level 1 in Earth Magic
  1723 | D:3      | Reached skill level 1 in Poison Magic
  1872 | D:3      | Reached XP level 5. HP: 47/47 MP: 5/7
  2375 | D:4      | Reached skill level 5 in Armour
  2375 | D:4      | Reached skill level 5 in Dodging
  2375 | D:4      | Reached XP level 6. HP: 43/53 MP: 8/8
  2477 | D:4      | Identified the +8 dagger "Biqebuf" {heavy, Will+ Int+2
                  | Dex+2 Stlth+}
  2480 | D:4      | Identified the +2 ring mail of Lilacs {-Tele rElec Int+3}
  2535 | D:4      | HP: 10/53 [orc/+0 club (3)]
  2844 | D:4      | Reached *** piety under Trog
  2965 | D:4      | Reached XP level 7. HP: 60/60 MP: 10/10
  3311 | D:5      | Entered Level 5 of the Dungeon
  3517 | D:5      | Found a basalt altar of Yredelemnul.
  4018 | D:5      | Reached XP level 8. HP: 67/67 MP: 12/12
  4447 | D:6      | Reached **** piety under Trog
  4576 | D:6      | Found a glowing golden altar of the Shining One.
  5148 | D:7      | Noticed Joseph
  5163 | D:7      | Killed Joseph
  5164 | D:7      | Reached XP level 9. HP: 41/73 MP: 14/14
  5177 | D:7      | Found an iron altar of Okawaru.
  5183 | D:7      | Noticed a hornet
  5188 | D:7      | Killed a hornet
  5209 | D:7      | Noticed a hornet
  5379 | D:7      | Killed a hornet
  5620 | D:7      | Found a staircase to the Ecumenical Temple.
  5653 | D:7      | Found a runed translucent gate.
  5653 | D:7      | Found a runed translucent gate.
  5653 | D:7      | Found a runed translucent gate.
  5653 | D:7      | Noticed Jingleheimer's ghost (novice OpTm)
  5655 | D:7      | Identified the +5 leather armour of Youthful Indiscretion
                  | {*Corrode rN+ Int+3 Dex+6}
  5714 | D:7      | Found a hide-covered altar of Uskayaw.
  5747 | D:7      | Reached skill level 5 in Invocations
  6237 | D:8      | Found a shadowy altar of Dithmenos.
  6252 | D:8      | HP: 5/74 [acid dragon/splash of acid (21)]
  6252 | D:8      | Killed from afar by an orc priest

Illustrated notes

Levels and vault maps discovered:
D:1:      dpeg_arrival_another_circle, layout_basic,
          hellmonk_ecumenical_altar_pennies_from_heaven, chequers_garden
D:2:      layout_rooms, minmay_tetromino_o2
D:3:      layout_rooms, mainiacjoe_overflow_small_starburst
D:4:      layout_gridville, chequers_decorated_corner, minmay_manual_mail
D:5:      layout_basic, mainiacjoe_overflow_six_doors_small
D:6:      layout_loops_ring, nicolae_tso_carved_into_rock
D:7:      layout_rooms, okawaru_metal_pillars_1_2, mainiacjoe_overflow_brackets,
          temple_statues, ebering_ghost_rock_garden, uniq_joseph
D:8:      layout_loops_ring, nicolae_dithmenos_shadow_blocks, item_on_display_a

Skill      XL: |  1  2  3  4  5  6  7  8  9 |
---------------+----------------------------+-----
Invocations    | 1 2 3 4 5 |  5.1
Short Blades   | 1 2 3 4 |  4.6
Long Blades    | 1 2 3 4 |  4.6
Maces & Flails | 1 2 3 4 |  4.6
Polearms       | 1 2 3 4 |  4.6
Staves         | 1 2 3 4 |  4.6
Ranged Weapons | 1 2 3 4 |  4.6
Throwing       | 1 2 3 4 |  4.6
Stealth        | 1 2 3 4 |  4.6
Shields        | 1 2 3 4 |  4.6
Unarmed Combat | 1 2 3 4 |  4.6
Spellcasting   | 1 2 3 4 |  4.6
Evocations     | 1 2 3 4 |  4.6
Conjurations   | 1 2 3 |  3.8
Hexes          | 1 2 3 |  3.8
Summonings     | 1 2 3 |  3.8
Necromancy     | 1 2 3 |  3.8
Translocations | 1 2 3 |  3.8
Transmutations | 1 2 3 |  3.8
Fire Magic     | 1 2 3 |  3.8
Ice Magic      | 1 2 3 |  3.8
Air Magic      | 1 2 3 |  3.8
Earth Magic    | 1 2 3 |  3.8
Poison Magic   | 1 2 3 |  3.8
Armour         | 5 6 |  6.6
Dodging        | 5 6 7 |  7.7
Fighting       | 7 8 |  8.1
Axes           | 7 8 |  8.1

Action                     |  1- 3 |  4- 6 |  7- 9 || total
---------------------------+-------+-------+-------++-------
  Melee: Hand axe          |    85 |    72 |       ||   157
         Bite              |    13 |    13 |    27 ||    53
         Dagger            |       |    44 |   202 ||   246
         Punch             |       |     1 |     2 ||     3
  Throw: Dart              |    30 |    21 |    15 ||    66
         Stone             |    11 |     9 |    40 ||    60
 Invoke: Berserk           |     1 |     2 |     1 ||     4
         Brothers in Arms  |       |       |     1 ||     1
  Evoke: Wand              |       |       |     1 ||     1
    Use: Scroll            |     3 |       |    11 ||    14
   Stab: Sleeping          |       |       |     6 ||     6
 Armour: Animal skin       |    12 |       |       ||    12
         Scale mail        |    17 |    23 |       ||    40
         Ring mail         |       |    48 |    90 ||   138
         Leather armour    |       |       |    18 ||    18
  Dodge: Dodged            |    49 |    93 |   168 ||   310
  Block: Kite shield       |       |       |    50 ||    50

Table legend: (Time is in decaauts)
 A = Elapsed time spent in this place.
 B = Non-inter-level travel time spent in this place.
 C = Inter-level travel time spent in this place.
 D = Time resting spent in this place.
 E = Time spent auto-exploring this place.
 F = Levels seen in this place.
 G = Mean time per level.
                   A        B        C        D        E       F      G
               +--------+--------+--------+--------+--------+-----+--------+
         Total |   6372 |   6079 |    293 |    597 |   4155 |   8 |  796.5 |
       Dungeon |   6372 |   6079 |    293 |    597 |   4155 |   8 |  796.5 |
               +--------+--------+--------+--------+--------+-----+--------+

Top non-repeatable levels by time:
     D:6: 1033 daAuts
     D:4: 1026 daAuts
     D:5: 996 daAuts
     D:1: 967 daAuts
     D:7: 737 daAuts
     D:3: 715 daAuts
     D:2: 672 daAuts
     D:8: 222 daAuts

Table legend:
 A = Kills in this place as a percentage of kills in the entire game.
 B = Kills by you in this place as a percentage of kills by you in the entire game.
 C = Kills by friends in this place as a percentage of kills by friends in the entire game.
 D = Other kills in this place as a percentage of other kills in the entire game.
 E = Experience gained in this place as a percentage of experience gained in the entire game.
 F = Experience gained in this place divided by the number of levels of this place that you have seen.
                   A       B       C       D       E      F
               +-------+-------+-------+-------+-------+----------------------
         Total | 100.0 | 100.0 | 100.0 |   N/A | 100.0 | 485.6
       Dungeon | 100.0 | 100.0 | 100.0 |   N/A | 100.0 | 485.6
               +-------+-------+-------+-------+-------+----------------------

Levels and vault maps discovered:
D:1:      dpeg_arrival_another_circle, layout_basic,
          hellmonk_ecumenical_altar_pennies_from_heaven, chequers_garden
D:2:      layout_rooms, minmay_tetromino_o2
D:3:      layout_rooms, mainiacjoe_overflow_small_starburst
D:4:      layout_gridville, chequers_decorated_corner, minmay_manual_mail
D:5:      layout_basic, mainiacjoe_overflow_six_doors_small
D:6:      layout_loops_ring, nicolae_tso_carved_into_rock
D:7:      layout_rooms, okawaru_metal_pillars_1_2, mainiacjoe_overflow_brackets,
          temple_statues, ebering_ghost_rock_garden, uniq_joseph
D:8:      layout_loops_ring, nicolae_dithmenos_shadow_blocks, item_on_display_a
